PAAA
BAKERSFIELD NOBLES @ BANGOR TRIDENT BASE OGRES
07/25/2022
 
TOP OF THE 1ST
Bakersfield Nobles batting - Pitching for Bangor Trident Base Ogres : LHP Júlio Hernández
Pitching: LHP Júlio Hernández
Batting: RHB Lloyd Alberink 0-0: Ball
1-0: Ball
2-0: Called Strike
2-1: Ground out 5-3 (Groundball, 5)
Batting: RHB Bill Sackett 0-0: Ball
1-0: Called Strike
1-1: Ball
2-1: Fly out, F9 (Flyball, 9M)
Batting: LHB Mike Russell 0-0: Fly out, F6 (Line Drive, 6)
Top of the 1st over - 0 run(s), 0 hit(s), 0 error(s), 0 left on base; Bakersfield 0 - Bangor Trident Base 0
BOTTOM OF THE 1ST
Bangor Trident Base Ogres batting - Pitching for Bakersfield Nobles : LHP Tomiji Saikawa
Pitching: LHP Tomiji Saikawa
Batting: RHB Elvis Larson 0-0: Ball
1-0: Foul Ball, location: 2F
1-1: Ball
2-1: Swinging Strike
2-2: Fly out, F8 (Popup, 4MD)
Batting: RHB Chae-hyeong Kim 0-0: SINGLE (Groundball, 34D)
Batting: RHB Jeremy Christensen 0-0: Fly out, F9 (Line Drive, 9LS)
Batting: RHB Bertrand Sunter 0-0: Foul Ball, location: 2F
0-1: Ball
1-1: Ball
2-1: Swinging Strike
2-2: Fly out, F6 (Line Drive, 6M)
Bottom of the 1st over - 0 run(s), 1 hit(s), 0 error(s), 1 left on base; Bakersfield 0 - Bangor Trident Base 0
TOP OF THE 2ND
Bakersfield Nobles batting - Pitching for Bangor Trident Base Ogres : LHP Júlio Hernández
Batting: LHB Jake Shelton 0-0: Called Strike
0-1: Fly out, F1 (Line Drive, 15)
Batting: RHB Luis Jiménez 0-0: Ground out 6-3 (Groundball, 6)
Batting: LHB Luis Velázquez 0-0: Ball
1-0: Ground out U3 (Groundball, 3S)
Top of the 2nd over - 0 run(s), 0 hit(s), 0 error(s), 0 left on base; Bakersfield 0 - Bangor Trident Base 0
BOTTOM OF THE 2ND
Bangor Trident Base Ogres batting - Pitching for Bakersfield Nobles : LHP Tomiji Saikawa
Batting: LHB Bobby Moore 0-0: Swinging Strike
0-1: Ground out 4-3 (Groundball, 4M)
Batting: RHB Hubert Dodson 0-0: Called Strike
0-1: Ball
1-1: Fly out, F9 (Flyball, 9LM)
Batting: RHB Takaaki Kobayashi 0-0: Ball
1-0: Ball
2-0: DOUBLE (Line Drive, 3L)
Batting: RHB Greg Griffin 0-0: Called Strike
0-1: Fly out, F9 (Flyball, 89M)
Bottom of the 2nd over - 0 run(s), 1 hit(s), 0 error(s), 1 left on base; Bakersfield 0 - Bangor Trident Base 0
TOP OF THE 3RD
Bakersfield Nobles batting - Pitching for Bangor Trident Base Ogres : LHP Júlio Hernández
Batting: RHB Floyd Mitchell 0-0: Called Strike
0-1: Ball
1-1: Ground out 4-3 (Groundball, 4)
Batting: LHB Ricardo Miranda 0-0: Ball
1-0: Foul Ball, location: 2F
1-1: Ball
2-1: Ground out 3-1 (Groundball, 3L)
Batting: RHB Ron Gérard 0-0: Called Strike
0-1: Ball
1-1: Ground out 4-3 (Groundball, 4)
Top of the 3rd over - 0 run(s), 0 hit(s), 0 error(s), 0 left on base; Bakersfield 0 - Bangor Trident Base 0
BOTTOM OF THE 3RD
Bangor Trident Base Ogres batting - Pitching for Bakersfield Nobles : LHP Tomiji Saikawa
Batting: RHB Augusto Rocha 0-0: Ball
1-0: Swinging Strike
1-1: Foul Ball, location: 2F
1-2: Ball
2-2: Ball
3-2: Foul Ball, location: 2F
3-2: Fly out, F8 (Flyball, 8LM)
Batting: RHB Elvis Larson 0-0: Foul Ball, location: 2F
0-1: Called Strike
0-2: Ball
1-2: Fly out, F4 (Popup, 4M)
Batting: RHB Chae-hyeong Kim 0-0: Swinging Strike
0-1: Ground out 5-3 (Groundball, 56)
Bottom of the 3rd over - 0 run(s), 0 hit(s), 0 error(s), 0 left on base; Bakersfield 0 - Bangor Trident Base 0
TOP OF THE 4TH
Bakersfield Nobles batting - Pitching for Bangor Trident Base Ogres : LHP Júlio Hernández
Batting: RHB Lloyd Alberink 0-0: Called Strike
0-1: Ball
1-1: Swinging Strike
1-2: Ball
2-2: Ball
3-2: Base on Balls
Batting: RHB Bill Sackett 0-0: Ball
1-0: Foul Ball, location: 2F
1-1: Grounds into double play, 5-4-3 (Groundball, 5L)
Batting: LHB Mike Russell 0-0: SINGLE (Line Drive, 34D)
Batting: LHB Jake Shelton 0-0: Ball
1-0: Called Strike
1-1: Called Strike
1-2: Strikes out swinging
Top of the 4th over - 0 run(s), 1 hit(s), 0 error(s), 1 left on base; Bakersfield 0 - Bangor Trident Base 0
BOTTOM OF THE 4TH
Bangor Trident Base Ogres batting - Pitching for Bakersfield Nobles : LHP Tomiji Saikawa
Batting: RHB Jeremy Christensen 0-0: Foul Ball, location: 2F
0-1: Ground out 4-3 (Groundball, 4M)
Batting: RHB Bertrand Sunter 0-0: Foul Ball, location: 2F
0-1: SINGLE (Line Drive, 78M)
Batting: LHB Bobby Moore 0-0: Foul Ball, location: 2F
0-1: Called Strike
0-2: Foul Ball, location: 2F
0-2: Foul Ball, location: 2F
0-2: Foul Ball, location: 2F
0-2: Fly out, F8 (Flyball, 8RM)
Batting: RHB Hubert Dodson 0-0: Ball
1-0: Ground out 1-3 (Groundball, 13S)
Bottom of the 4th over - 0 run(s), 1 hit(s), 0 error(s), 1 left on base; Bakersfield 0 - Bangor Trident Base 0
TOP OF THE 5TH
Bakersfield Nobles batting - Pitching for Bangor Trident Base Ogres : LHP Júlio Hernández
Batting: RHB Luis Jiménez 0-0: Foul Ball, location: 2F
0-1: DOUBLE (Line Drive, 78S)
Batting: LHB Luis Velázquez 0-0: Ground out 1-3 (Groundball, 25)
Batting: RHB Floyd Mitchell 0-0: Intentional Walk
Batting: LHB Ricardo Miranda 0-0: Ball
1-0: Fly out, F5 (Popup, 5F)
Batting: RHB Ron Gérard 0-0: Called Strike
0-1: Fly out, F9 (Flyball, 89M)
Top of the 5th over - 0 run(s), 1 hit(s), 0 error(s), 2 left on base; Bakersfield 0 - Bangor Trident Base 0
BOTTOM OF THE 5TH
Bangor Trident Base Ogres batting - Pitching for Bakersfield Nobles : LHP Tomiji Saikawa
Batting: RHB Takaaki Kobayashi 0-0: Ball
1-0: Ground out 6-3 (Groundball, 6)
Batting: RHB Greg Griffin 0-0: Swinging Strike
0-1: Ball
1-1: Swinging Strike
1-2: Ball
2-2: Strikes out looking
Batting: RHB Augusto Rocha 0-0: Fly out, F7 (Popup, 78S)
Bottom of the 5th over - 0 run(s), 0 hit(s), 0 error(s), 0 left on base; Bakersfield 0 - Bangor Trident Base 0
TOP OF THE 6TH
Bakersfield Nobles batting - Pitching for Bangor Trident Base Ogres : LHP Júlio Hernández
Batting: RHB Lloyd Alberink 0-0: Foul Ball, location: 2F
0-1: Ground out 5-3 (Groundball, 5)
Batting: RHB Bill Sackett 0-0: Ball
1-0: Swinging Strike
1-1: Foul Ball, location: 2F
1-2: Strikes out swinging
Batting: LHB Mike Russell 0-0: Foul Ball, location: 2F
0-1: Ground out 4-3 (Groundball, 4)
Top of the 6th over - 0 run(s), 0 hit(s), 0 error(s), 0 left on base; Bakersfield 0 - Bangor Trident Base 0
BOTTOM OF THE 6TH
Bangor Trident Base Ogres batting - Pitching for Bakersfield Nobles : LHP Tomiji Saikawa
Batting: RHB Elvis Larson 0-0: Ball
1-0: Ball
2-0: Fly out, F8 (Line Drive, 8RM)
Batting: RHB Chae-hyeong Kim 0-0: Foul Ball, location: 2F
0-1: Foul Ball, location: 2F
0-2: Ball
1-2: Fly out, F9 (Flyball, 9M)
Batting: RHB Jeremy Christensen 0-0: Fly out, F8 (Flyball, 8RD)
Bottom of the 6th over - 0 run(s), 0 hit(s), 0 error(s), 0 left on base; Bakersfield 0 - Bangor Trident Base 0
TOP OF THE 7TH
Bakersfield Nobles batting - Pitching for Bangor Trident Base Ogres : LHP Júlio Hernández
Batting: LHB Jake Shelton 0-0: Ball
1-0: Swinging Strike
1-1: Called Strike
1-2: SINGLE (Groundball, 34)
Batting: RHB Luis Jiménez 0-0: Ball
1-0: Foul Ball, location: 2F
1-1: Foul Ball, location: 2F
1-2: Ball
2-2: Ball
3-2: Grounds into double play, 6-4-3 (Groundball, 6M)
Batting: LHB Luis Velázquez 0-0: Foul Ball, location: 2F
0-1: Ball
1-1: Ball
2-1: DOUBLE (Flyball, 8LD)
Batting: RHB Floyd Mitchell 0-0: SINGLE (Groundball, 56D)
Luis Velázquez to third
Runner from 3rd tries for Home, SAFE, no throw or cutoff
Pinch Hitting: RHB Jim Unknown 0-0: Called Strike
0-1: DOUBLE (Flyball, 78XD)
Floyd Mitchell to third
Runner from 3rd tries for Home, SAFE, throw made at trailing runner, SAFE at third!
Batting: RHB Ron Gérard 0-0: Ball
1-0: Ball
2-0: SINGLE (Line Drive, 9S)
Jim Unknown scores
Batting: RHB Lloyd Alberink 0-0: Ball
1-0: Ball
2-0: Called Strike
2-1: Swinging Strike
2-2: Strikes out looking
Top of the 7th over - 3 run(s), 5 hit(s), 0 error(s), 1 left on base; Bakersfield 3 - Bangor Trident Base 0
BOTTOM OF THE 7TH
Bangor Trident Base Ogres batting - Pitching for Bakersfield Nobles : LHP Tomiji Saikawa
Now at 3B: Jim Unknown
Batting: RHB Bertrand Sunter 0-0: Foul Ball, location: 2F
0-1: Ball
1-1: Ball
2-1: Fly out, F7 (Popup, 56D)
Batting: LHB Bobby Moore 0-0: Ball
1-0: Fly out, F2 (Popup, 25F)
Batting: RHB Hubert Dodson 0-0: Ball
1-0: Ball
2-0: Ball
3-0: Base on Balls
Batting: RHB Takaaki Kobayashi 0-0: Fielders Choice at 2nd, U4 (Groundball, 4M)
Bottom of the 7th over - 0 run(s), 0 hit(s), 0 error(s), 1 left on base; Bakersfield 3 - Bangor Trident Base 0
TOP OF THE 8TH
Bakersfield Nobles batting - Pitching for Bangor Trident Base Ogres : LHP Júlio Hernández
Batting: RHB Bill Sackett 0-0: Called Strike
0-1: Ball
1-1: Foul Ball, location: 2F
1-2: Ball
2-2: Fly out, F8 (Flyball, 8RS)
Batting: LHB Mike Russell 0-0: Called Strike
0-1: Ball
1-1: Called Strike
1-2: Ground out U3 (Groundball, 3)
Batting: LHB Jake Shelton 0-0: Called Strike
0-1: Swinging Strike
0-2: Ball
1-2: Strikes out looking
Top of the 8th over - 0 run(s), 0 hit(s), 0 error(s), 0 left on base; Bakersfield 3 - Bangor Trident Base 0
BOTTOM OF THE 8TH
Bangor Trident Base Ogres batting - Pitching for Bakersfield Nobles : LHP Tomiji Saikawa
Batting: RHB Greg Griffin 0-0: Called Strike
0-1: Swinging Strike
0-2: Fly out, F4 (Popup, 34)
Batting: RHB Augusto Rocha 0-0: Bunt missed!
0-1: Swinging Strike
0-2: Ball
1-2: Ground out 6-3 (Groundball, 6)
Batting: RHB Elvis Larson 0-0: Ball
1-0: Ball
2-0: Called Strike
2-1: Ground out 5-3 (Groundball, 56)
Bottom of the 8th over - 0 run(s), 0 hit(s), 0 error(s), 0 left on base; Bakersfield 3 - Bangor Trident Base 0
TOP OF THE 9TH
Bakersfield Nobles batting - Pitching for Bangor Trident Base Ogres : LHP Júlio Hernández
Pitching: RHP Iván García
Batting: RHB Luis Jiménez 0-0: Ball
1-0: Called Strike
1-1: Swinging Strike
1-2: Strikes out swinging
Batting: LHB Luis Velázquez 0-0: Foul Ball, location: 2F
0-1: Fly out, F7 (Flyball, 7M)
Batting: RHB Floyd Mitchell 0-0: SINGLE (Groundball, 5D)
Batting: RHB Jim Unknown 0-0: Ball
1-0: Foul Ball, location: 2F
1-1: Called Strike
1-2: Foul Ball, location: 2F
1-2: Foul Ball, location: 2F
1-2: Ball
2-2: Fly out, F8 (Flyball, 8RD)
Top of the 9th over - 0 run(s), 1 hit(s), 0 error(s), 1 left on base; Bakersfield 3 - Bangor Trident Base 0
BOTTOM OF THE 9TH
Bangor Trident Base Ogres batting - Pitching for Bakersfield Nobles : LHP Tomiji Saikawa
Batting: RHB Chae-hyeong Kim 0-0: Called Strike
0-1: Called Strike
0-2: SINGLE (Flyball, 9LS)
Batting: RHB Jeremy Christensen 0-0: 2-RUN HOME RUN (Line Drive, 7D), Distance : 418 ft
Pitching: LHP Jim Unknown
Batting: RHB Bertrand Sunter 0-0: Ball
1-0: Fly out, F5 (Popup, 5SF)
Pinch Hitting: RHB Ken Fulton 0-0: Ball
1-0: Ball
2-0: Swinging Strike
2-1: Ground out 6-3 (Groundball, 6)
Pinch Hitting: RHB Sang-yeon Kim 0-0: Ball
1-0: Foul Ball, location: 2F
1-1: Ball
2-1: Ball
3-1: Base on Balls
Batting: RHB Takaaki Kobayashi 0-0: Foul Ball, location: 2F
0-1: SINGLE (Line Drive, 4MD)
Sang-yeon Kim to second
Runner from 2nd tries for 3rd, SAFE, no throw or cutoff
Batting: RHB Greg Griffin 0-0: Swinging Strike
0-1: Foul Ball, location: 2F
0-2: Ball
1-2: Ball
2-2: Strikes out looking
Bottom of the 9th over - 2 run(s), 3 hit(s), 0 error(s), 2 left on base; Bakersfield 3 - Bangor Trident Base 2
This league is powered by Out of the Park Baseball, the baseball management simulation game for PC, Mac and Linux
Friday, April 15th, 2016 - OOTP Baseball 16.9 Build 39